 Dungeon Crawl Stone Soup version 0.20.1-1-g8b1a95d (webtiles) character file.

3644 Gwenloh the Cleaver (level 9, -2/81 HPs)
             Began as a Deep Dwarf Fighter on Sept 29, 2017.
             Was an Initiate of Makhleb.
             Slain by an acid dragon (8 damage)
             ... on level 8 of the Dungeon.
             The game lasted 01:36:17 (6585 turns).

Gwenloh the Cleaver (Deep Dwarf Fighter)            Turns: 6585, Time: 01:36:18

Health: -2/81      AC:  4    Str: 20    XL:     9   Next: 88%
Magic:  0/6        EV: 11    Int: 12    God:    Makhleb [......]
Gold:   347        SH: 12    Dex: 17    Spells: 8/8 levels left

rFire    . . .     SeeInvis .   a - +0 war axe
rCold    . . .     Gourm    .   c - +1 shield
rNeg     + . .     Faith    .   m - +2 scale mail {MR+}
rPois    .         Spirit   +   (no helmet)
rElec    .         Reflect  .   e - scarf {Spirit}
rCorr    .         Harm     .   u - +1 pair of gloves
MR       ++++.                  (no boots)
Stlth    ..........             (no amulet)
Regen    0.0/turn               k - ring of positive energy
MPRegen  0.1/turn               q - +5 ring of dexterity

@: corroded, non-regenerating
A: damage resistance, heal wounds, magic resistance 2, sense surroundings 2, no
regeneration
a: Heal Wounds, Renounce Religion


You were on level 8 of the Dungeon.
You worshipped Makhleb.
Makhleb was noncommittal.
You were not hungry.

You visited 2 branches of the dungeon, and saw 9 of its levels.

You collected 347 gold pieces.

Inventory:

Hand Weapons
 a - a +0 war axe (weapon)
 b - a +0 shortbow
 o - a cursed -3 falchion
 z - a +6 rapier of venom
 D - the +2 hand axe of the Chain {speed, MR+}
   (You found it on level 7 of the Dungeon)

   Attacks with this weapon are significantly faster.
   It affects your resistance to hostile enchantments.
 H - a +0 battleaxe
Missiles
 n - 63 arrows
 p - 39 bolts
 w - 4 curare-tipped needles
 y - 5 needles of confusion
 C - a tomahawk (quivered)
Armour
 c - a +1 shield (worn)
 e - a scarf of spirit shield (worn)
 m - a +2 scale mail of magic resistance (worn)
 t - a +0 plate armour
 u - a +1 pair of gloves (worn)
 v - a +1 scale mail of fire resistance
 L - a +2 ring mail of fire resistance
Jewellery
 k - a ring of positive energy (left hand)
 q - a +5 ring of dexterity (right hand)
 I - an uncursed ring of resist corrosion
Wands
 i - a wand of confusion (29/48)
 j - a wand of lightning (0/15)
 l - a wand of iceblast (9/15)
 s - a wand of paralysis (13/24)
 A - a wand of acid (9/15)
 B - a wand of clouds (7/9)
 K - a wand of iceblast (7/15)
Scrolls
 x - 3 scrolls of amnesia
 F - a scroll of magic mapping
 G - a scroll of fog
Potions
 d - a potion of might
 g - a potion of flight
 r - a potion of degeneration {unknown}
 J - a potion of lignification
Comestibles
 f - 6 bread rations
 h - 3 royal jellies


   Skills:
 + Level 5.0 Fighting
 + Level 9.8 Axes
 + Level 3.0 Throwing
 + Level 7.3 Armour
 + Level 4.2 Dodging
 + Level 0.6 Stealth
 + Level 7.3 Shields
 + Level 0.6 Evocations


You had 8 spell levels left.
You didn't know any spells.

Dungeon Overview and Level Annotations

Branches:
Dungeon (8/15)             Temple (1/1) D:4            Lair (0/6) D:8

Altars:
Cheibriados
Gozag
Hepliaklqana
Kikubaaqudgha
Makhleb
Nemelex Xobeh
Qazlal
Ru
Sif Muna
Trog
Uskayaw
Vehumet
Xom
Yredelemnul
Zin
The Shining One


Innate Abilities, Weirdness & Mutations

You are resistant to damage.
You can heal yourself by infusing magical energy.
You passively map the area around you.
You do not regenerate.
You are highly resistant to hostile enchantments. (MR++)


Message History

The crimson imp blinks!
The acid dragon bites you but does no damage.
You block the acid dragon's attack.
You slash the acid dragon!
The acid dragon is severely wounded.
The acid dragon bites you but does no damage.
The acid dragon completely misses you.
You barely miss the acid dragon.
The acid dragon is severely wounded.
The acid dragon barely misses you. You block the acid dragon's attack.
You hit the acid dragon but do no damage.
The acid dragon is severely wounded.
The crimson imp blinks!
The acid dragon spits acid at you. The splash of acid hits you!
* * * LOW HITPOINT WARNING * * *
The acid corrodes you!
You are splashed with acid!
The acid burns!
* * * LOW HITPOINT WARNING * * *
You fail to use your ability.
The acid dragon bites you!
You die...

###..# #...## ##### #.#
###. # #.#######.### #.#
#... ###.........#
#.###.## ....#########
##.....# ....# #..#####
##### #### # #### ###
### * ####..####h#####.#
* #..#.##.ยง.lD@....###
..#!#.#......5.###.....#
#### # .............###
####.(#####..###
...?h...###.##
#.##...###....
#...5.##.#### ##
####...#### .....# *#..
##### $..## ### #.#* *
*> ##


You could see a basilisk, a black bear, an acid dragon and a crimson imp.

Vanquished Creatures
  Grinder (D:5)
  Prince Ribbit (D:5)
  A spriggan (D:7)
  2 wyverns (D:8)
  A basilisk (D:8)
  2 hungry ghosts (D:8)
  Edmund (D:4)
  Duvessa (D:5)
  2 ice beasts (D:5)
  2 sky beasts
  A phantom (D:6)
  A necrophage (D:6)
  6 ogres
  A crocodile (D:8)
  A centaur (D:8)
  Dowan (D:5)
  A howler monkey (D:4)
  2 centaur zombies
  2 crimson imps
  A bullfrog zombie (D:7)
  A quasit (D:6)
  2 bullfrog skeletons
  4 orc priests
  A centaur skeleton (D:8)
  A hound (D:4)
  2 jellies (D:6)
  4 orc wizards
  3 worker ants
  2 hound skeletons
  7 adders
  A shadow imp (D:4)
  3 oozes
  An adder skeleton (D:5)
  A worm (D:2)
  3 dart slugs
  4 leopard geckos
  27 orcs
  6 giant cockroaches
  7 goblins
  4 hobgoblins
  6 kobolds
  4 quokkas
  2 ball python skeletons
  7 bats
  6 frilled lizards
  A jackal zombie (D:5)
  A leopard gecko skeleton (D:4)
  A quokka zombie (D:5)
  4 rats
147 creatures vanquished.

Vanquished Creatures (others)
  5 dream sheep (D:7)
5 creatures vanquished.

Grand Total: 152 creatures vanquished

Notes
Turn   | Place    | Note
-------+----------+-------------------------------------------
     0 | D:1      | Gwenloh the Deep Dwarf Fighter began the quest for the Orb.
     0 | D:1      | Reached XP level 1. HP: 20/20 MP: 1/1
   288 | D:1      | Reached XP level 2. HP: 25/27 MP: 2/2
   873 | D:2      | Reached XP level 3. HP: 19/33 MP: 3/3
  1139 | D:2      | Reached skill level 3 in Axes
  1172 | D:2      | Reached skill level 1 in Dodging
  1198 | D:2      | Found a deep blue altar of Sif Muna.
  1267 | D:2      | Reached XP level 4. HP: 25/40 MP: 3/3
  1571 | D:3      | Reached skill level 4 in Axes
  1571 | D:3      | Reached XP level 5. HP: 17/48 MP: 4/4
  1677 | D:3      | Found a burning altar of Makhleb.
  2327 | D:4      | Reached XP level 6. HP: 24/56 MP: 0/5
  2331 | D:4      | Noticed Edmund
  2348 | D:4      | Killed Edmund
  2348 | D:4      | Reached skill level 5 in Axes
  2533 | D:4      | Found a staircase to the Ecumenical Temple.
  2539 | Temple   | Entered the Ecumenical Temple
  2837 | Temple   | Became a worshipper of Qazlal Stormbringer
  3091 | D:4      | Reached skill level 5 in Armour
  3091 | D:4      | Reached skill level 5 in Shields
  3091 | D:4      | Reached XP level 7. HP: 36/62 MP: 0/6
  3456 | D:5      | Entered Level 5 of the Dungeon
  3468 | D:5      | Reached skill level 1 in Throwing
  3478 | D:5      | Reached skill level 6 in Axes
  3521 | D:5      | Noticed Dowan
  3524 | D:5      | Noticed Duvessa
  3539 | D:5      | Killed Duvessa
  3555 | D:5      | Reached * piety under Qazlal
  3566 | D:5      | Killed Dowan
  3701 | D:5      | Noticed Prince Ribbit
  3718 | D:5      | Killed Prince Ribbit
  3718 | D:5      | Reached skill level 7 in Axes
  3718 | D:5      | Reached XP level 8. HP: 35/72 MP: 0/5
  3952 | D:5      | Noticed Grinder
  3973 | D:5      | Killed Grinder
  4228 | D:5      | Reached skill level 8 in Axes
  4378 | D:5      | Gained mutation: You are resistant to hostile enchantments. (MR+) [potion of mutation]
  4378 | D:5      | Gained mutation: You are highly resistant to hostile enchantments. (MR++) [potion of mutation]
  4801 | D:6      | Gained mutation: You passively map the area around you. [Deep Dwarf growth]
  4801 | D:6      | Reached XP level 9. HP: 41/79 MP: 3/6
  5097 | D:6      | Found a hazy altar of Hepliaklqana.
  5308 | D:7      | Found a shimmering altar of Xom.
  5339 | D:7      | Reached skill level 9 in Axes
  5366 | D:7      | You fall through a shaft!
  5379 | D:8      | Reached ** piety under Qazlal
  5433 | D:7      | Got a translucent hand axe
  5434 | D:7      | Identified the cursed +2 hand axe of the Chain {speed, MR+} (You found it on level 7 of the Dungeon)
  5594 | D:7      | Found a hide-covered altar of Uskayaw.
  5599 | D:7      | Found an opulent altar of Gozag.
  5756 | D:7      | Found a glowing golden altar of the Shining One.
  5768 | D:7      | Found a glowing silver altar of Zin.
  5954 | D:3      | Fell from the grace of Qazlal
  5954 | D:3      | Became a worshipper of Makhleb the Destroyer
  6066 | D:8      | Found a sand-covered staircase.
  6516 | D:8      | Reached skill level 5 in Fighting
  6585 | D:8      | Slain by an acid dragon

Skill      XL: |  1  2  3  4  5  6  7  8  9 |
---------------+----------------------------+-----
Axes           | 3 4 5 7 8 9 |  9.8
Dodging        | 1 2 3 4 |  4.2
Shields        | 4 5 7 |  7.3
Armour         | 4 5 6 7 |  7.3
Fighting       | 3 4 5 |  5.0
Throwing       | 1 2 3 |  3.0
Stealth        | |  0.6
Evocations     | |  0.6

Action                   |  1- 3 |  4- 6 |  7- 9 || total
-------------------------+-------+-------+-------++-------
Melee: War axe           |   148 |   127 |   309 ||   584
       Hand axe          |       |       |    34 ||    34
Throw: Tomahawk          |       |    16 |    60 ||    76
 Abil: Heal Wounds       |     1 |     3 |     9 ||    13
Evoke: Wand              |       |     1 |     5 ||     6
  Use: Scroll            |     4 |     4 |     6 ||    14
       Potion            |       |       |     8 ||     8
  Eat: Bread ration      |     1 |       |     2 ||     3
       Royal jelly       |       |     1 |       ||     1
       Meat ration       |       |     1 |     2 ||     3
       Fruit             |       |       |     1 ||     1
Armor: Scale mail        |    81 |    37 |   128 ||   246
Dodge: Dodged            |    67 |    36 |   111 ||   214
Block: Shield            |    96 |    86 |   230 ||   412
